 Dungeon Crawl Stone Soup version 0.32-a0-886-g41c5271027 (webtiles) character file.

Game seed: 7016411479689471401

65 spaghetti the Shooter (level 4, 0/39 HPs)
             Began as a Naga Hunter on Apr 2, 2024.
             Slain by Terence
             ... wielding a +0 mace
              (5 damage)
             ... on level 2 of the Dungeon.
             The game lasted 00:02:20 (1920 turns).

spaghetti the Shooter (Naga Hunter)                 Turns: 1920, Time: 00:02:22

Health: 0/39       AC:  2    Str: 14    XL:     4   Next: 13%
Magic:  4/4        EV:  8    Int:  9    God:
Gold:   58         SH:  0    Dex: 16    Spells: 3/3 levels left

rFire   . . .        a - +0 shortbow
rCold   . . .        (shield currently unavailable)
rNeg    . . .        c - +0 leather armour
rPois   +            (no helmet)
rElec   .            (no cloak)
rCorr   .            (no gloves)
SInv    +            (no barding)
Will    .....        (no amulet)
Stlth   ++           (no ring)
HPRegen 0.26/turn    (no ring)
MPRegen 0.09/turn

%: no passive effects
@: very slow
A: AC +1, large, see invisible, deformed body, poison resistance, slowness 2,
spit poison 1, naga tail 1
a: Spit Poison


You were on level 2 of the Dungeon.
You visited 1 branch of the dungeon, and saw 3 of its levels.

You collected 58 gold pieces.

Inventory:

Hand Weapons
 a - a +0 shortbow (weapon)
Armour
 c - a +0 leather armour (worn)


   Skills:
 - Level 2.0 Fighting
 + Level 5.1 Ranged Weapons
 - Level 1.5 Dodging
 - Level 1.5 Stealth


You had 3 spell levels left.
You didn't know any spells.
Your spell library was empty.

Dungeon Overview and Level Annotations

Branches:
Dungeon (3/15)

Altars:

Annotations:
D:2 Terence


Innate Abilities, Weirdness & Mutations

Your serpentine skin is tough. (AC +1)
You have supernaturally acute eyesight. (SInv)
Armour fits poorly on your strangely shaped body.
Your system is resistant to poisons. (rPois)
You cover ground very slowly.
You can spit poison.
You have a snake-like lower body.


Message History

Press: ? - help, Shift-Dir - straight line, f/p - Terence
Aim: Terence, wielding a +0 mace and wearing a +0 scale mail (heavily wounded, 65% to hit)
The splash of poison hits Terence.
Terence is severely wounded.
Terence hits you with a +0 mace.
Unknown command.
You shoot an arrow. The arrow hits Terence.
Terence is almost dead.
Terence misses you.
You shoot an arrow. The arrow barely misses Terence.
Terence closely misses you.
You shoot an arrow.
The arrow hits Terence but does no damage.
Terence is almost dead.
Terence hits you with a +0 mace. x2
You shoot an arrow. The arrow barely misses Terence.
You have got your breath back.
Terence hits you with a +0 mace.
Aiming: Spit Poison (1% risk of failure)
Press: ? - help, Shift-Dir - straight line, f/p - Terence
Aim: Terence, wielding a +0 mace and wearing a +0 scale mail (almost dead, 65% to hit)
The splash of poison misses Terence.
Terence hits you with a +0 mace!
Unknown command.
Unknown command.
You shoot an arrow. The arrow completely misses Terence.
Terence barely misses you.
You shoot an arrow.
The arrow hits Terence but does no damage.
Terence is almost dead.
Terence hits you with a +0 mace.
* * * LOW HITPOINT WARNING * * *
You shoot an arrow.
The arrow hits Terence but does no damage.
Terence is almost dead.
You have got your breath back.
Terence hits you with a +0 mace.
* * * LOW HITPOINT WARNING * * *
Terence hits you with a +0 mace.
You die...
Terence says, "Time to find some more victims."

#.b.[..........##..## #.####
#..............###..####)##.#####
#..b..b........# ##....#.##......
#..............# #..#.#†##.###.#
#.....S........####..#+#'##'###.#
#...............<.............#.#
#................###..........†.#
..........@†..'.............
..........#@###.............
.........#.#######.........
.%.+#####.....###.######## ...
#####......# #.. .~ #.........>#
#.# #.########## #.#
#.#......##### #.#
#.#......#...###.#
#.#####..........#


You could see Terence.

Vanquished Creatures
  An adder (D:2)
  A dart slug (D:1)
  7 ball pythons
  7 endoplasms
  3 giant cockroaches
  4 goblins (D:1)
  4 hobgoblins
  2 jackals (D:1)
  3 quokkas
  5 bats
  A frilled lizard (D:2)
  4 kobolds
  4 rats
46 creatures vanquished.

Notes
Turn   | Place    | Note
-------+----------+-------------------------------------------
     0 | D:1      | spaghetti the Naga Hunter began the quest for the Orb.
     0 | D:1      | Reached XP level 1. HP: 19/19 MP: 1/1
   205 | D:1      | Reached skill level 4 in Ranged Weapons
   205 | D:1      | Reached XP level 2. HP: 26/26 MP: 2/2
   762 | D:1      | Reached XP level 3. HP: 32/32 MP: 3/3
  1409 | D:2      | Noticed Terence
  1696 | D:2      | Reached skill level 5 in Ranged Weapons
  1696 | D:2      | Reached XP level 4. HP: 39/39 MP: 4/4
  1860 | D:2      | Found a faded altar of an unknown god.
  1920 | D:2      | Slain by Terence

Illustrated notes

Levels and vault maps discovered:
D:1:      heliophobic_arrival_battle_scene, layout_basic
D:2:      layout_basic, serial_bayou, serial_bayou_shore_b,
          serial_bayou_shore_a, serial_bayou_crossing, serial_bayou_pond_d,
          chequers_ecumenical_altar_simple, amcnicky_mini_pool_small,
          minmay_rat_hole, uniq_terence
D:3:      layout_loops_ring, grunt_temple_overflow_growth_and_decay,
          uniq_natasha, uniq_jessica

Skill      XL: |  1  2  3 |
---------------+----------+-----
Ranged Weapons | 4 5 |  5.1
Fighting       | |  2.0
Dodging        | |  1.5
Stealth        | |  1.5

Action                     |  1- 3 |  4- 6 || total
---------------------------+-------+-------++-------
   Fire: Shortbow          |   142 |    29 ||   171
Ability: Spit Poison       |     7 |     2 ||     9
    Use: Scroll            |     4 |       ||     4
         Potion            |     4 |       ||     4
 Armour: Leather armour    |    64 |    12 ||    76
  Dodge: Dodged            |    43 |    10 ||    53

Table legend: (Time is in decaauts)
 A = Elapsed time spent in this place.
 B = Non-inter-level travel time spent in this place.
 C = Inter-level travel time spent in this place.
 D = Time resting spent in this place.
 E = Time spent auto-exploring this place.
 F = Levels seen in this place.
 G = Mean time per level.
                   A        B        C        D        E       F      G
               +--------+--------+--------+--------+--------+-----+--------+
         Total |   2473 |   2413 |     60 |     25 |   2033 |   3 |  824.3 |
       Dungeon |   2473 |   2413 |     60 |     25 |   2033 |   3 |  824.3 |
               +--------+--------+--------+--------+--------+-----+--------+

Top non-repeatable levels by time:
     D:1: 1770 daAuts
     D:2: 589 daAuts
     D:3: 113 daAuts
